 Dungeon Crawl Stone Soup version 0.27.1-1-g398f81649c (webtiles) character file.

Game seed: 8983305584283631682

13 speeev33 the Skirmisher (level 2, 27/27 HPs)
             Began as a Hill Orc Fighter on Sept 5, 2021.
             Was a Follower of Sif Muna.
             Quit the game on level 1 of the Dungeon.
             The game lasted 00:00:40 (276 turns).

speeev33 the Skirmisher (Hill Orc Fighter)           Turns: 276, Time: 00:00:41

Health: 27/27      AC:  6    Str: 18    XL:     2   Next: 37%
Magic:  2/2        EV:  7    Int:  8    God:    Sif Muna [*.....]
Gold:   43         SH:  9    Dex: 10    Spells: 1/1 levels left

rFire    . . .     SeeInvis .   a - +0 war axe
rCold    . . .     Faith    .   c - +0 kite shield
rNeg     . . .     Spirit   .   b - +0 scale mail
rPois    .         Reflect  .   (no helmet)
rElec    .         Harm     .   (no cloak)
rCorr    .         Rampage  .   (no gloves)
Will     .....                  (no boots)
Stlth    ..........             (no amulet)
HPRegen  0.09/turn              (no ring)
MPRegen  0.08/turn              (no ring)

@: no status effects
A: no striking features
a: Renounce Religion, Channel Magic


You were on level 1 of the Dungeon.
You worshipped Sif Muna.
Sif Muna was aware of your devotion.
You visited 1 branch of the dungeon, and saw 1 of its levels.

You collected 43 gold pieces.

Inventory:

Hand Weapons
 a - a +0 war axe (weapon)
Armour
 b - a +0 scale mail (worn)
 c - a +0 kite shield (worn)
Potions
 d - a potion of might


   Skills:
 + Level 4.0 Fighting
 + Level 3.1 Axes
 - Level 3.2 Armour
 + Level 3.6 Shields


You had one spell level left.
You didn't know any spells.
Your spell library was empty.

Dungeon Overview and Level Annotations

Branches:
Dungeon (1/15)

Altars:
Sif Muna


Message History

The frilled lizard bites you but does no damage. x2
You barely miss the frilled lizard. You block the frilled lizard's attack.
You hit the frilled lizard.
The frilled lizard is heavily wounded.
You block the frilled lizard's attack.
The golden eye pulsates ominously.
The frilled lizard barely misses you.
The shining eye pulsates ominously.
You barely miss the frilled lizard. The frilled lizard barely misses you.
You hit the frilled lizard.
You kill the frilled lizard!
No reachable target in view!
No reachable target in view!
No reachable target in view!
No reachable target in view!
No reachable target in view!
No reachable target in view!
No reachable target in view!
No reachable target in view!
No reachable target in view!
No reachable target in view!
No reachable target in view!
No reachable target in view!
No reachable target in view!
No reachable target in view!
No reachable target in view!
The eye of devastation pulsates ominously.
The eye of devastation pulsates ominously.
You now have 43 gold pieces (gained 9).
You see here a ball python corpse.
You see here a hobgoblin corpse.
Found 26 stones.
There is a faded altar of an unknown god here.
You cannot tell which god this altar belongs to.
Convert to them anyway?
Okay, then.
You cannot tell which god this altar belongs to.
Convert to them anyway?
Sif Muna accepts your prayer! Sif Muna welcomes you!
You can now call upon Sif Muna for magical energy.
Are you sure you want to abandon this character and quit the game? (Confirm with "yes".)

##≈≈≈≈..#.#.####.#
.##≈≈≈≈..........# ###
..#≈≈≈≈≈....#######..
>.#≈≈≈≈≈............
..#≈≈≈≈.....###...###
.##≈≈≈..##..#G#...#G# #
##≈≈≈≈≈.....###...###..#
≈≈≈≈≈≈≈.##.††..........#
≈≈≈≈≈... #......@..$....
≈≈≈≈≈≈ #)...........#.
≈≈≈ ≈ #..###...###(# ≈≈≈
#..#G#...#G# # ≈≈≈
#..###.(.### ≈≈≈ #...
...... #... ......
#######


You could see a shining eye, an eye of devastation and 2 golden eyes.

Vanquished Creatures
  An endoplasm (D:1)
  A giant cockroach (D:1)
  A hobgoblin (D:1)
  4 ball pythons (D:1)
  A bat (D:1)
  A frilled lizard (D:1)
  3 kobolds (D:1)
  A rat (D:1)
13 creatures vanquished.

Notes
Turn   | Place    | Note
-------+----------+-------------------------------------------
     0 | D:1      | speeev33 the Hill Orc Fighter began the quest for the Orb.
     0 | D:1      | Reached XP level 1. HP: 19/19 MP: 1/1
   154 | D:1      | Reached XP level 2. HP: 27/27 MP: 2/2
   185 | D:1      | Noticed an eye of devastation
   187 | D:1      | Found a faded altar of an unknown god.
   194 | D:1      | Reached skill level 4 in Fighting
   194 | D:1      | Noticed a golden eye
   194 | D:1      | Noticed a golden eye
   194 | D:1      | Noticed a shining eye
   275 | D:1      | Became a worshipper of Sif Muna the Loreminder
   275 | D:1      | Reached * piety under Sif Muna
   276 | D:1      | Quit the game

Illustrated notes

Levels and vault maps discovered:
D:1:      minmay_arrival_shoal_huts, layout_loops_ring, serial_shops, shop,
          hellmonk_ecumenical_altar_watching_god

Skill      XL: |  1  2 |
---------------+-------+-----
Axes           | 3 |  3.1
Fighting       | 4 |  4.0
Armour         | |  3.2
Shields        | |  3.6

Action                   || total
-------------------------++-------
Melee: War axe           ||    48
Armor: Scale mail        ||    19
Dodge: Dodged            ||    17
Block: Kite shield       ||    28
